 Dungeon Crawl Stone Soup version 0.21.1-1-g345015f (webtiles) character file.

6477 sking99 the Basher (level 11, -4/54 HPs)
             Began as a Gargoyle Fighter on June 22, 2018.
             Was a Priest of Makhleb.
             Slain by a white draconian monk (5 damage)
             ... on level 1 of the Abyss.
             The game lasted 00:30:18 (9620 turns).

sking99 the Basher (Gargoyle Fighter)               Turns: 9620, Time: 00:30:18

Health: -4/54      AC: 27    Str: 19      XL:     11   Next: 0%
Magic:  15/15      EV:  5    Int: 10      God:    Makhleb [***...]
Gold:   438        SH: 11    Dex: 11 (12) Spells: 10/10 levels left

rFire    + . .     SeeInvis .   L - +2 mace (protect)
rCold    . . .     Gourm    .   c - +0 shield
rNeg     + . .     Faith    .   C - +0 plate armour
rPois    ∞         Spirit   .   (helmet restricted)
rElec    +         Reflect  .   z - +0 cloak
rCorr    +         Harm     .   g - +1 pair of gloves
MR       .....     Rnd*Rage +   (no boots) Stlth ..........Rnd*Tele +
                                y - amulet of rage
HPRegen  0.18/turn              n - ring of resist corrosion
MPRegen  0.14/turn              h - ring of protection from fire (curse)

@: protection aura
A: antennae 1, [berserk 2], [blurry vision 2], [deformed body], [deterioration
2], [frail 3], negative energy resistance 1, robust 1, electricity resistance,
[teleportitis 2], unbreathing, petrification resistance, rot immunity, [subdued
magic 2], AC +8
a: Minor Destruction, Lesser Servant of Makhleb, Renounce Religion, Evoke
Berserk Rage


You were on level 1 of the Abyss.
You worshipped Makhleb.
Makhleb was most pleased with you.
You were hungry.

You visited 1 branch of the dungeon, and saw 10 of its levels.
You visited the Abyss 1 time.

You collected 438 gold pieces.

Inventory:

Hand Weapons
 a - a +0 flail
 m - a +2 whip of draining
 A - a +0 flail of draining
 D - the cursed +1 trident "Soamnil" {protect, *Slow rC+ rN++ Str+3}
   (You found it on level 9 of the Dungeon)

   It protects the one who uses it against injury (+AC on strike).
   It affects your strength (+3).
   It protects you from cold.
   It greatly protects you from negative energy.
   It may slow you when you take damage.
   It has a curse placed upon it.
 L - a +2 mace of protection (weapon)
 O - a +0 hand axe
Armour
 b - a +0 scale mail
 c - a +0 shield (worn)
 g - a +1 pair of gloves (worn)
 j - a +0 helmet
 u - a +1 chain mail of fire resistance
 z - a +0 cloak (worn)
 C - a +0 plate armour (worn)
Jewellery
 h - a cursed ring of protection from fire (right hand)
 n - a ring of resist corrosion (left hand)
 p - an uncursed amulet of harm
 y - an amulet of rage (around neck)
 F - a +2 ring of intelligence
 H - an uncursed amulet of magic regeneration
Wands
 q - a wand of digging (11)
Scrolls
 e - 5 scrolls of remove curse
 i - 8 scrolls of teleportation
 l - 4 scrolls of enchant armour
 B - 2 scrolls of amnesia
 J - a scroll of magic mapping {unknown}
 K - a scroll of enchant weapon {unknown}
 N - a scroll of identify
Potions
 d - 4 potions of might
 k - a potion of haste
 o - 3 potions of brilliance
 r - a potion of flight
 s - 2 potions of berserk rage
 t - 2 potions of curing
 v - 2 potions of agility
 E - a potion of invisibility {unknown}
Books
 G - a book of Changes

   Spells                             Type                      Level
   a - Beastly Appendage              Transmutation                1
   b - Sticks to Snakes               Transmutation                2
   c - Spider Form                    Transmutation/Poison         3
   d - Ice Form                       Ice/Transmutation            4
   e - Blade Hands                    Transmutation                5
 I - a book of Power

   Spells                             Type                      Level
   a - Iskenderun's Battlesphere      Conjuration/Charms           5
   b - Venom Bolt                     Conjuration/Poison           5
   c - Bolt of Magma                  Conjuration/Fire/Earth       5
   d - Iron Shot                      Conjuration/Earth            6
   e - Orb of Destruction             Conjuration                  7
   f - Spellforged Servitor           Conjuration/Summoning        7
 M - a book of Flames

   Spells                             Type                      Level
   a - Flame Tongue                   Conjuration/Fire             1
   b - Throw Flame                    Conjuration/Fire             2
   c - Conjure Flame                  Conjuration/Fire             3
   d - Inner Flame                    Hexes/Fire                   3
   e - Sticky Flame                   Conjuration/Fire             4
   f - Fireball                       Conjuration/Fire             5
Comestibles
 f - 23 rations
 x - 4 chunks of flesh


   Skills:
 + Level 8.2 Fighting
 * Level 10.1 Maces & Flails
 + Level 8.2 Armour
 - Level 0.4 Dodging
 + Level 8.4 Shields
 + Level 5.3 Invocations


You had 10 spell levels left.
You didn't know any spells.

Dungeon Overview and Level Annotations

Branches:
Dungeon (10/15)            Temple (0/1) D:6            Lair (0/6) D:9
    Orc: D:9-12

Altars:
Ashenzari
Cheibriados
Dithmenos
Fedhas
Makhleb
Nemelex Xobeh
Qazlal
Trog
Uskayaw
Vehumet
Wu Jian
Yredelemnul
The Shining One

Shops:
D:5 %

Annotations:
D:10 Erolcha


Innate Abilities, Weirdness & Mutations

You are resistant to torment.
Your stone body is resilient. (AC +8)
You are immune to poison.
You resist negative energy. (rN+)
You are resistant to electric shocks. (rElec)
You can survive without breathing.
You are immune to petrification.
You are immune to rotting.
You have a pair of small antennae on your head.
You are robust. (+10% HP)
[You often lose your temper in combat.]
[Scrolls take you longer to read.]
[Armour fits poorly on your strangely shaped body.]
[Your body often deteriorates upon taking damage.]
[You are extremely frail. (-30% HP)]
[You are sometimes teleported next to monsters.]
[Your spells are easier to cast, but less powerful.]


Message History

Your hellwing hits the tentacled starspawn but does no damage. x2
The tentacled starspawn bites your hellwing.
The tentacled starspawn engulfs your hellwing but does no damage.
The bone dragon bites you but does no damage.
You block the bone dragon's attack.
The bone dragon tramples you but does no damage.
The white draconian monk hits you but does no damage.
You block the white draconian monk's attack.
The white draconian monk tail-slaps you but does no damage.
You hit the wretched star.
The wretched star is lightly damaged.
Your hellwing hits the tentacled starspawn but does no damage.
Your hellwing barely misses the tentacled starspawn.
The tentacled starspawn bites your hellwing!!
The tentacled starspawn barely misses your hellwing.
The bone dragon bites you but does no damage.
The bone dragon claws you!
* * * LOW HITPOINT WARNING * * *
You block the bone dragon's attack. The white draconian monk hits you.
You die...

. # #. #. #
#..##. ##
#...##.##..###.#
#.#.. #......#
#....###..X#.#
#...#...##.4.#
#....##_D#q..#
#..#>#..#@##.#
#.### D#X*#/.#
##.....#.....#
...#..##..##..
#. ##.....# ###
.#....# #(..#..
#.##§#..# #.
..#.#


You could see a bone dragon, a white draconian monk, a tentacled starspawn, a
wretched star, a large abomination and a friendly hellwing.

Vanquished Creatures
  A two-headed ogre (D:8)
  Joseph (D:7)
  A troll (D:9)
  Grinder (D:5)
  A hornet (D:10)
  A hippogriff (D:7)
  3 wyverns (D:9)
  A spriggan (D:8)
  3 yaks (D:10)
  Grum (D:8)
  A basilisk (D:9)
  A steam dragon (D:9)
  2 black bears
  2 sky beasts
  An orc warrior (D:9)
  3 wolves (D:8)
  3 centaurs
  5 ogres
  A crocodile (D:9)
  Blork the orc (D:5)
  A big kobold (D:8)
  A bullfrog (D:9)
  A gnoll sergeant (D:9)
  A wyvern skeleton (D:9)
  2 killer bees (D:10)
  A howler monkey (D:5)
  3 wights (D:8)
  5 jellies
  A crimson imp (D:3)
  5 hounds
  4 orc priests
  Crazy Yiuf (D:5)
  5 orc wizards
  A bullfrog skeleton (D:4)
  A centaur skeleton (D:5)
  An iguana (D:7)
  6 worker ants
  2 hound skeletons
  14 gnolls
  12 adders
  2 shadow imps (D:5)
  An ooze (D:7)
  3 adder zombies
  2 adder skeletons
  6 worms
  3 dart slugs
  4 leopard geckos
  15 orcs
  10 bats
  A bat zombie (D:1)
  7 giant cockroaches
  8 goblins
  11 hobgoblins
  3 jackals (D:1)
  9 kobolds
  4 quokkas
  2 ball pythons
  2 ball python zombies
  4 frilled lizards (D:1)
  A leopard gecko zombie (D:5)
  8 rats
208 creatures vanquished.

Vanquished Creatures (collateral kills)
  4 killer bees (D:10)
  An adder (D:10)
  An orc (D:10)
6 creatures vanquished.

Vanquished Creatures (others)
  5 starspawn tentacles (Abyss:1)
5 creatures vanquished.

Grand Total: 219 creatures vanquished

Notes
Turn   | Place    | Note
-------+----------+-------------------------------------------
     0 | D:1      | sking99 the Gargoyle Fighter began the quest for the Orb.
     0 | D:1      | Reached XP level 1. HP: 14/14 MP: 1/1
    50 | D:1      | Reached XP level 2. HP: 19/19 MP: 2/2
   255 | D:1      | Reached XP level 3. HP: 22/23 MP: 3/3
   985 | D:2      | Reached skill level 3 in Maces & Flails
  1082 | D:2      | Reached XP level 4. HP: 28/28 MP: 4/4
  1686 | D:2      | Found a shattered altar of Ashenzari.
  1740 | D:2      | Found a blossoming altar of Fedhas.
  2154 | D:3      | Reached XP level 5. HP: 24/33 MP: 5/5
  2428 | D:3      | Found a burning altar of Makhleb.
  2440 | D:3      | Became a worshipper of Makhleb the Destroyer
  2619 | D:3      | Found a shadowy altar of Dithmenos.
  2822 | D:3      | Found a shattered altar of Ashenzari.
  3104 | D:4      | Reached skill level 4 in Maces & Flails
  3104 | D:4      | Reached XP level 6. HP: 38/38 MP: 6/6
  3425 | D:4      | Reached skill level 5 in Shields
  3425 | D:4      | Reached XP level 7. HP: 39/44 MP: 7/7
  3763 | D:4      | Reached skill level 5 in Maces & Flails
  4382 | D:5      | Entered Level 5 of the Dungeon
  4444 | D:5      | Found a hide-covered altar of Uskayaw.
  4452 | D:5      | Reached * piety under Makhleb
  4489 | D:5      | Reached skill level 5 in Fighting
  4555 | D:5      | Reached skill level 5 in Armour
  4609 | D:5      | Noticed Grinder
  4627 | D:5      | Paralysed by Grinder for 2 turns
  4633 | D:5      | Killed Grinder
  4633 | D:5      | Reached skill level 6 in Maces & Flails
  4633 | D:5      | Reached XP level 8. HP: 50/50 MP: 8/8
  4719 | D:5      | Noticed Blork the orc
  4732 | D:5      | Killed Blork the orc
  4929 | D:5      | Found a shattered altar of Ashenzari.
  4943 | D:5      | Found Ahuchoet's Food Emporium.
  5072 | D:5      | Found a runed door.
  5076 | D:5      | Noticed Crazy Yiuf
  5080 | D:5      | Killed Crazy Yiuf
  5450 | D:6      | Found a basalt altar of Yredelemnul.
  5740 | D:6      | Reached skill level 7 in Maces & Flails
  5871 | D:6      | Found a staircase to the Ecumenical Temple.
  6010 | D:7      | Reached skill level 1 in Invocations
  6063 | D:7      | Reached XP level 9. HP: 45/55 MP: 9/9
  6137 | D:7      | Noticed Joseph
  6164 | D:7      | Killed Joseph
  6331 | D:7      | Reached ** piety under Makhleb
  6369 | D:7      | Reached skill level 8 in Maces & Flails
  6452 | D:7      | Found a glowing golden altar of the Shining One.
  6535 | D:7      | Found a radiant altar of Vehumet.
  6986 | D:8      | Found an ornate altar of the Wu Jian Council.
  7026 | D:8      | Noticed Grum
  7079 | D:8      | Killed Grum
  7159 | D:8      | Found a sparkling altar of Nemelex Xobeh.
  7226 | D:8      | Noticed a two-headed ogre
  7241 | D:8      | Killed a two-headed ogre
  7241 | D:8      | Reached skill level 9 in Maces & Flails
  7241 | D:8      | Reached XP level 10. HP: 63/63 MP: 11/13
  7626 | D:9      | Found a snail-covered altar of Cheibriados.
  8271 | D:9      | Found a bloodstained altar of Trog.
  8541 | D:9      | Found a stormy altar of Qazlal.
  8751 | D:9      | Reached *** piety under Makhleb
  8921 | D:9      | Found a staircase to the Lair.
  9033 | D:9      | Got an encrusted trident
  9034 | D:9      | Identified the cursed +1 trident "Soamnil" {protect, *Slow rC+ rN++ Str+3} (You found it on level 9 of the Dungeon)
  9229 | D:10     | Entered Level 10 of the Dungeon
  9334 | D:10     | Reached skill level 5 in Invocations
  9355 | D:10     | Reached skill level 10 in Maces & Flails
  9546 | D:10     | Noticed Erolcha
  9549 | D:10     | Reached XP level 11. HP: 68/68 MP: 15/15
  9565 | D:10     | Cast into level 1 of the Abyss (Erolcha)
  9569 | Abyss:1  | Found a corrupted altar of Lugonu.
  9581 | Abyss:1  | Found a burning altar of Makhleb.
  9597 | Abyss:1  | Noticed a tentacled starspawn
  9597 | Abyss:1  | Noticed a bone dragon
  9598 | Abyss:1  | Noticed a wretched star
  9600 | Abyss:1  | Noticed a large abomination
  9605 | Abyss:1  | Noticed a white draconian monk
  9619 | Abyss:1  | Gained mutation: You are robust. (+10% HP) [potion of mutation]
  9619 | Abyss:1  | Gained mutation: You have a pair of small antennae on your head. [potion of mutation]
  9620 | Abyss:1  | HP: 1/54 [bone dragon (9)]
  9620 | Abyss:1  | Slain by a white draconian monk

Skill      XL: |  1  2  3  4  5  6  7  8  9 10 |
---------------+-------------------------------+-----
Maces & Flails | 3 4 6 7 9 10 | 10.1
Shields        | 4 5 6 7 8 |  8.4
Fighting       | 4 5 6 7 8 |  8.2
Armour         | 4 5 6 7 8 |  8.2
Invocations    | 1 4 5 |  5.3
Dodging        | |  0.4

Action                   |  1- 3 |  4- 6 |  7- 9 | 10-12 || total
-------------------------+-------+-------+-------+-------++-------
Melee: Flail             |   131 |   209 |       |       ||   340
       Whip              |       |    40 |   476 |   174 ||   690
       Mace              |       |       |       |   183 ||   183
Invok: Minor Destruction |       |       |     1 |       ||     1
       Lesser Servant of |       |       |       |     5 ||     5
  Use: Scroll            |       |     7 |     7 |     3 ||    17
       Potion            |       |       |     1 |     1 ||     2
 Stab: Distracted        |       |       |       |     1 ||     1
  Eat: Chunk             |     1 |     8 |    12 |     8 ||    29
Armor: Scale mail        |    91 |   160 |     6 |       ||   257
       Chain mail        |       |       |    83 |       ||    83
       Plate armour      |       |       |   139 |   174 ||   313
Dodge: Dodged            |    43 |    98 |    67 |    56 ||   264
Block: Shield            |    75 |   159 |   165 |   132 ||   531
